 Dungeon Crawl Stone Soup version 0.28-a0-503-g83f2989fac (webtiles) character file.

Game seed: 2433164447741270229

435 spiderkeys the Skirmisher (level 7, 0/48 HPs)
             Began as an Octopode Abyssal Knight on Sept 20, 2021.
             Was a Believer of Lugonu.
             Slain by a centaur zombie (2 damage)
             ... in an ossuary.
             The game lasted 00:06:44 (5758 turns).

spiderkeys the Skirmisher (Octopode Abyssal Knight) Turns: 5758, Time: 00:06:45

Health: 0/48       AC:  1    Str: 11 (13) XL:     7   Next: 0%
Magic:  9/9        EV: 14    Int: 13 (14) God:    Lugonu [**....]
Gold:   1354       SH:  0    Dex: 11 (12) Spells: 2/6 levels left

rFire   . . .      SeeInvis .     - Unarmed
rCold   . . .      Faith    .   (no shield)
rNeg    . . .      Spirit   .   (helmet restricted)
rPois   .          Reflect  .   (no amulet)
rElec   .          Harm     .   (no ring)
rCorr   .          Rampage  .   (no ring)
Will    .....                   (no ring)
Stlth   ++........              (no ring)
HPRegen 0.16/turn               (no ring)
MPRegen 0.11/turn               (no ring)
                                (no ring)
                                (no ring)

@: no status effects
A: almost no armour, amphibious, 8 rings, camouflage 1, gelatinous body 1,
(nimble swimmer 1), tentacles
a: Renounce Religion, Depart the Abyss, Bend Space


You were in an ossuary.
You worshipped Lugonu.
Lugonu was pleased with you.
You visited 1 branch of the dungeon, and saw 4 of its levels.
You visited the Abyss 1 time.
You also visited: Ossuary.

You collected 1354 gold pieces.


Innate Abilities, Weirdness & Mutations

You cannot wear most types of armour.
You are amphibious.
You can wear up to eight rings at the same time.
Your skin changes colour to match your surroundings (Stealth+).
Your rubbery body absorbs attacks. (AC +1, EV +1)
((You are camouflaged near water. (Stealth+)))
You have tentacles for arms and can constrict up to eight enemies at once.


   Skills:
 + Level 4.3 Fighting
 + Level 3.8 Dodging
 + Level 3.6 Unarmed Combat
 + Level 2.8 Air Magic
 + Level 3.9 Invocations


You had 2 spell levels left.
You knew the following spells:

 Your Spells              Type           Power      Damage    Failure   Level
a - Airstrike             Air            3%         N/A       67%         4

Your spell library contained the following spells:

 Spells                   Type           Power      Damage    Failure   Level
 Gell's Gravitas          Tloc           0%         N/A       67%         3
 Teleport Other           Tloc           0%         N/A       67%         3
 Summon Lightning Spire   Summ/Air       3%         N/A       86%         4
 Lightning Bolt           Conj/Air       1%         1d12      99%         5
 Dispersal                Tloc           0%         N/A       100%        6

Inventory:

Missiles
 a - 20 bolts
 e - 57 stones
 g - 40 arrows
 j - 49 sling bullets
 p - 2 boomerangs
Magical Staves
 b - a staff of air {!a}
   (You found it on level 2 of the Abyss)
 o - a staff of earth {!a}
   (You found it on level 2 of the Dungeon)
Scrolls
 c - a scroll of fog {unknown}
 d - a scroll of holy word
 i - a scroll of amnesia
Potions
 f - a potion of magic {unknown}
 h - 2 potions of degeneration {!q}
 k - a potion of might {unknown}
 m - a potion of lignification {unknown}
 n - 3 potions of curing {unknown}
 q - 2 potions of heal wounds {unknown}
 r - a potion of invisibility {unknown}

Dungeon Overview and Level Annotations

Branches:
Dungeon (4/15)            Ossuary (1/1)
 Temple: D:4-7

Altars:
Gozag

Shops:
D:1

[ #...8...+ #.......
##8...8##############
#.......#...#...#...#
#...8...#...8...'.∩.#
#...#.Z.#.......#...#
######†###8...8###'##
#???#..Z#.......#...#
+?.M#...@...8...#.∩.#
#!?!#...#...#...#...#
#####################


You could see a mummy, a kobold zombie and a centaur zombie.


Message History

Key pressed, stopping explore.
A kobold zombie comes into view. 😎 HP[+23]
Your hp is fully restored (43).
A kobold zombie is nearby!
A kobold zombie is nearby!
A kobold zombie is nearby!
No reachable target in view!
A scorpion and 2 zombies come into view.
There is an open door here.
A scorpion and a zombie come into view.
You tentacle-slap the centaur zombie. The centaur zombie hits you.
The centaur zombie kicks you. The centaur zombie closely misses you.
The centaur zombie barely misses you. 😕 HP[-2]
You take 2 damage, and now have 41/43 hp.
You tentacle-slap the centaur zombie. You squeeze the centaur zombie.
The centaur zombie closely misses you. The centaur zombie kicks you. 😕 HP[-2]
You take 2 damage, and now have 39/43 hp.
You tentacle-slap the centaur zombie. The orc zombie barely misses you.
You closely miss the scorpion. You grab the scorpion.
You constrict the scorpion. 😕 HP[+1]
You release your grip on the scorpion.
The scorpion stings you. 😕 HP[-2]
You take 2 damage, and now have 38/43 hp.
There is an open door here.
You tentacle-slap the scorpion but do no damage.
You grab the scorpion. You tentacle-slap the scorpion.
You constrict the scorpion, but do no damage.
The scorpion stings you. 😕 HP[-3]
You take 3 damage, and now have 35/43 hp.
You tentacle-slap the scorpion. You squeeze the scorpion.
You constrict the scorpion. The centaur zombie hits you.
The centaur zombie closely misses you.
The scorpion closely misses you. 😕 HP[-2]
You take 2 damage, and now have 33/43 hp.
You tentacle-slap the scorpion. You squeeze the scorpion.
You constrict the scorpion. The centaur zombie hits you.
The centaur zombie barely misses you. The scorpion stings you.
The centaur zombie hits you. The centaur zombie kicks you. 😮 HP[-9]
You take 9 damage, and now have 24/43 hp.
MASSIVE DAMAGE!! (PAUSE)
You release your grip on the scorpion.
You are too injured to fight recklessly!
You closely miss the scorpion. You grab the scorpion. You squeeze the scorpion.
You kill the scorpion!
Lugonu accepts your kill.
The scorpion closely misses you. 😮 HP[+1]
You tentacle-slap the scorpion. You grab the scorpion.
You constrict the scorpion, but do no damage.
The scorpion closely misses you.
You tentacle-slap the scorpion. You squeeze the scorpion.
You constrict the scorpion, but do no damage.
The scorpion stings you.
* * * LOW HITPOINT WARNING * * *
😨 HP[-6]
You take 6 damage, and now have 19/43 hp.
You tentacle-slap the scorpion. You constrict the scorpion.
The scorpion stings you but does no damage.
You tentacle-slap the scorpion but do no damage.
You constrict the scorpion. The scorpion completely misses you.
You tentacle-slap the scorpion. You constrict the scorpion.
The scorpion stings you!
* * * LOW HITPOINT WARNING * * *
😱 HP[-10]
You take 10 damage, and now have 9/43 hp.
MASSIVE DAMAGE!! (PAUSE)
You barely miss the scorpion. You constrict the scorpion.
You kill the scorpion!
Lugonu accepts your kill.
You have reached level 7! 😱 HP[+2] MP[+1]
You now have 48 max hp (+5).
You regained 2 hp, and now have 11/48 hp.
Your mp is fully restored (9).
You tentacle-slap the centaur zombie but do no damage.
The centaur zombie hits you.
* * * LOW HITPOINT WARNING * * *
The centaur zombie kicks you.
* * * LOW HITPOINT WARNING * * *
The centaur zombie hits you.
* * * LOW HITPOINT WARNING * * *
The centaur zombie kicks you.
* * * LOW HITPOINT WARNING * * *
😱 HP[-7]
You take 7 damage, and now have 4/48 hp.
Unknown command.
There is an open door here.
It was a potion of degeneration.
There was something very wrong with that liquid.
You feel weakened.
You feel dopey.
You feel clumsy. The centaur zombie hits you.
* * * LOW HITPOINT WARNING * * *
The centaur zombie kicks you.
You die...

Skill      XL: |  1  2  3  4  5  6 |
---------------+-------------------+-----
Air Magic      | 1 2 |  2.8
Dodging        | 3 |  3.8
Invocations    | 3 |  3.9
Unarmed Combat | 3 |  3.6
Fighting       | 4 |  4.3

Action                   |  1- 3 |  4- 6 |  7- 9 || total
-------------------------+-------+-------+-------++-------
Melee: Staff             |    84 |    45 |       ||   129
       Constrict         |    23 |    29 |       ||    52
       Tentacles         |    14 |    34 |       ||    48
       Punch             |     2 |     4 |       ||     6
       Unarmed           |       |    68 |     1 ||    69
Throw: Stone             |     1 |     1 |       ||     2
       Boomerang         |       |     4 |       ||     4
Invok: Depart the Abyss  |     1 |       |       ||     1
  Use: Scroll            |       |     6 |       ||     6
       Potion            |       |       |     1 ||     1
 Stab: Sleeping          |     7 |     5 |       ||    12
Armor: Skin              |    14 |     7 |       ||    21
Dodge: Dodged            |    50 |    90 |       ||   140

Levels and vault maps discovered:
D:1:      doesnt_arrival_eight_statues, layout_loops_ring, serial_shops,
          shop_statue
D:2:      layout_basic, shapermc_ecumenical_altar_ellora
D:3:      layout_basic, uniq_terence
D:4:      minmay_chambers_of_fours, layout_cave_pools,
          kiku_gazebo_garden_becter, nicolae_gozag_seed_capital, enter_ossuary_1
Ossuary:  ossuary_minmay_scorpions

Notes
Turn   | Place    | Note
-------+----------+-------------------------------------------
     0 | Abyss:1  | spiderkeys the Octopode Abyssal Knight began the quest for
                  | the Orb.
     0 | Abyss:1  | Reached XP level 1. HP: 16/16 MP: 2/2
     0 | Abyss:1  | magus.rc [v1.9.10]
   113 | Abyss:2  | You pick up a book of Storms and begin reading...
   113 | Abyss:2  | You add the spells Airstrike, Summon Lightning Spire and
                  | Lightning Bolt to your library.
   120 | Abyss:2  | Noticed a tentacled starspawn
   125 | Abyss:2  | Noticed a large abomination
   131 | Abyss:2  | HP: 4/16 [constriction[a tentacled starspawn] (3)]
   131 | Abyss:2  | HP: 1/16 [constriction[a tentacled starspawn] (3)]
   132 | D:1      | You pass through the gate.
   132 | D:1      | Escaped the Abyss
   710 | D:1      | Reached XP level 2. HP: 20/21 MP: 3/3
  1314 | D:1      | Reached XP level 3. HP: 18/26 MP: 4/4
  1580 | D:1      | Found Isietama's Armour Emporium.
  1684 | D:2      | Reached * piety under Lugonu
  1685 | D:2      | Reached skill level 1 in Air Magic
  2395 | D:2      | HP: 4/26 [adder (5)]
  2699 | D:2      | Reached XP level 4. HP: 26/31 MP: 5/5
  2850 | D:2      | Found a faded altar of an unknown god.
  3578 | D:3      | Reached skill level 3 in Dodging
  3945 | D:3      | Reached skill level 3 in Invocations
  3945 | D:3      | Reached XP level 5. HP: 33/37 MP: 7/7
  4325 | D:3      | Learned a level 4 spell: Airstrike
  4331 | D:3      | You add the spells Gell's Gravitas, Teleport Other and
                  | Dispersal to your library.
  4390 | D:3      | Noticed Terence
  4393 | D:3      | Identified a scroll of acquirement
  4394 | D:3      | Acquired 1196 gold pieces
  4407 | D:3      | HP: 8/37 [Terence (5)]
  4408 | D:3      | HP: 2/37 [Terence (6)]
  4410 | D:3      | Killed Terence
  5102 | D:3      | Reached skill level 3 in Unarmed Combat
  5102 | D:3      | Reached skill level 2 in Air Magic
  5301 | D:4      | Found an opulent altar of Gozag.
  5370 | D:4      | Reached XP level 6. HP: 23/43 MP: 8/8
  5378 | D:4      | Reached ** piety under Lugonu
  5396 | D:4      | Found a sand-covered staircase.
  5405 | Ossuary  | Entered an ossuary
  5536 | Ossuary  | Reached skill level 4 in Fighting
  5754 | Ossuary  | HP: 9/43 [scorpion (10)]
  5756 | Ossuary  | Reached XP level 7. HP: 11/48 MP: 9/9
  5756 | Ossuary  | HP: 4/48 [centaur zombie (1)]
  5758 | Ossuary  | Slain by a centaur zombie

Vanquished Creatures
  3 scorpions (Ossuary)
  A hound (D:4)
  A human zombie (Ossuary)
  An orc priest (D:3)
  Terence (D:3)
  2 gnolls (D:3)
  4 adders
  8 orcs
  10 endoplasms
  2 giant cockroaches (D:2)
  6 goblins
  4 hobgoblins
  5 jackals
  9 kobolds
  2 quokkas
  10 ball pythons
  5 bats
  2 frilled lizards (D:1)
  A goblin zombie (Ossuary)
  2 rats
79 creatures vanquished.

Vanquished Creatures (others)
  A withered plant (D:4)
1 creature vanquished.

Grand Total: 80 creatures vanquished

Table legend:
 A = Non-vault XP
 B = Vault XP
 C = Vault XP percentage of total XP
 D = Non-vault monster count
 E = Vault monster count
 F = Vault count percentage of total count
                 A         B        C        D         E       F
            +---------+---------+-------+---------+---------+-------
      Total |     289 |     333 |  53.5 |      73 |       6 |   7.6
            +---------+---------+-------+---------+---------+-------
        D:1 |      38 |       0 |   0.0 |      23 |       0 |   0.0
        D:2 |      58 |       0 |   0.0 |      24 |       0 |   0.0
        D:3 |     126 |      38 |  23.2 |      19 |       1 |   5.0
        D:4 |      67 |       0 |   0.0 |       7 |       0 |   0.0
    Ossuary |       0 |     295 | 100.0 |       0 |       5 | 100.0
            +---------+---------+-------+---------+---------+-------

Illustrated notes

Table legend:
 A = Kills in this place as a percentage of kills in entire the game.
 B = Kills by you in this place as a percentage of kills by you in the entire game.
 C = Kills by friends in this place as a percentage of kills by friends in the entire game.
 D = Other kills in this place as a percentage of other kills in the entire game.
 E = Experience gained in this place as a percentage of experience gained in the entire game.
 F = Experience gained in this place divided by the number of levels of this place that you have seen.
                   A       B       C       D       E      F
               +-------+-------+-------+-------+-------+----------------------
         Total | 100.0 | 100.0 |   N/A |   N/A | 100.0 |  88.9
       Dungeon |  93.7 |  93.7 |   N/A |   N/A |  52.6 |  81.8
       Ossuary |   6.3 |   6.3 |   N/A |   N/A |  47.4 | 295.0
               +-------+-------+-------+-------+-------+----------------------

Table legend: (Time is in decaauts)
 A = Elapsed time spent in this place.
 B = Non-inter-level travel time spent in this place.
 C = Inter-level travel time spent in this place.
 D = Time resting spent in this place.
 E = Time spent auto-exploring this place.
 F = Levels seen in this place.
 G = Mean time per level.
                   A        B        C        D        E       F      G
               +--------+--------+--------+--------+--------+-----+--------+
         Total |   5784 |   5605 |    179 |   1154 |   3655 |   7 |  826.3 |
       Dungeon |   5302 |   5123 |    179 |   1040 |   3414 |   4 | 1325.5 |
         Abyss |    131 |    131 |      0 |      0 |     48 |   2 |   65.5 |
       Ossuary |    351 |    351 |      0 |    114 |    193 |   1 |  351.0 |
               +--------+--------+--------+--------+--------+-----+--------+

Top non-repeatable levels by time:
     D:2: 2013 daAuts
     D:3: 1615 daAuts
     D:1: 1556 daAuts
 Ossuary: 351 daAuts
     D:4: 117 daAuts
 Abyss:1: 76 daAuts
 Abyss:2: 55 daAuts
